 Dungeon Crawl Stone Soup version 0.19-a0-1511-g16f215b (webtiles) character file.

1196 st0uf the Shield-Bearer (level 8, -8/64 HPs)
             Began as a Formicid Fighter on Sept 11, 2016.
             Was an Initiate of Makhleb.
             Mangled by Prince Ribbit (20 damage)
             ... on level 5 of the Dungeon.
             The game lasted 00:26:35 (5068 turns).

st0uf the Shield-Bearer (Formicid Fighter)          Turns: 5068, Time: 00:26:35

Health: -8/64      AC:  2    Str: 28    XL:     8   Next: 72%
Magic:  11/11      EV: 10    Int:  8    God:    Makhleb [......]
Gold:   214        SH: 11    Dex: 10    Spells: 2 memorised, 7 levels left

rFire  . . .     SeeInvis +     a - +0 quarterstaff
rCold  . . .     Gourm    .     B - +0 robe
rNeg   . . .     Faith    .     c - +0 shield
rPois  .         Spirit   .     (helmet unavailable)
rElec  .         Dismiss  .     (no cloak)
rCorr  .         Reflect  .     (no gloves)
MR     .....     Harm     .     (no boots)
Stlth  +.........               (no amulet)
                                (no ring)
                                (no ring)

@: mighty
A: permanent stasis, dig shafts and tunnels, four strong arms, antennae 3
a: Dig, Shaft Self, Renounce Religion


You were on level 5 of the Dungeon.
You worshipped Makhleb.
Makhleb was noncommittal.
You were not hungry.

You visited 2 branches of the dungeon, and saw 6 of its levels.
You also visited: Sewer.

You collected 214 gold pieces.

Inventory:

Hand Weapons
 a - a +0 quarterstaff (weapon)
Armour
 c - a +0 shield (worn)
 s - a +0 scale mail of cold resistance
 B - a +0 robe (worn)
Wands
 i - a wand of random effects (33/48)
 w - a wand of flame (29/48)
 D - a wand of lightning (11/15)
 G - a wand of iceblast (9/15)
 I - a wand of flame (23/48)
 J - a wand of lightning (12/15)
Scrolls
 h - 5 scrolls of identify {unknown}
 j - 3 scrolls of enchant armour {unknown}
 m - 4 scrolls of enchant weapon {unknown}
 n - a scroll of fog {unknown}
 o - a scroll of random uselessness {unknown}
 p - 2 scrolls of teleportation {unknown}
 q - 4 scrolls of remove curse {unknown}
 t - 2 scrolls of magic mapping {unknown}
 v - 4 scrolls of blinking {unknown}
 y - a scroll of recharging {unknown}
 H - a scroll of noise {unknown}
Potions
 d - a potion of might
 e - 3 potions of curing {unknown}
 k - a potion of resistance {unknown}
 u - a potion of lignification {unknown}
 z - 2 potions of mutation {unknown}
 A - a potion of heal wounds {unknown}
 K - a potion of haste {unknown}
Books
 b - a book of Necromancy

   Spells                             Type                      Level
   a - Pain                           Necromancy                   1
   b - Animate Skeleton               Necromancy                   1
   c - Vampiric Draining              Necromancy                   3
   d - Regeneration                   Charms/Necromancy            3
   e - Animate Dead                   Necromancy                   4
   f - Control Undead                 Necromancy                   4
 F - a book of Dreams

   Spells                             Type                      Level
   a - Ensorcelled Hibernation        Hexes/Ice                    2
   b - Silence                        Hexes/Air                    5
   c - Darkness                       Hexes                        6
   d - Shadow Creatures               Summoning                    6
Comestibles
 f - 2 bread rations
 g - 4 fruits
 l - 2 meat rations
 r - a slice of pizza
 x - a royal jelly
 C - a beef jerky
 E - a chunk of flesh


   Skills:
 + Level 5.9 Fighting
 * Level 5.8 Staves
 + Level 5.6 Armour
 + Level 6.1 Shields
 * Level 2.2 Spellcasting
 + Level 0.0 Charms
 + Level 1.5 Necromancy


You had 7 spell levels left.
You knew the following spells:

 Your Spells              Type           Power        Failure   Level  Hunger
a - Pain                  Necr           #...         34%         1    ##.....
b - Regeneration          Chrm/Necr      #.........   98%         3    ####...


Dungeon Overview and Level Annotations

Branches:
Dungeon (5/15)             Temple (1/1) D:4

Altars:
Ashenzari
Cheibriados
Dithmenos
Elyvilon
Gozag
Hepliaklqana
Makhleb
Nemelex Xobeh
Okawaru
Qazlal
Ru
Sif Muna
Uskayaw
Vehumet
Xom
Yredelemnul
Zin
The Shining One

Shops:
D:4 (

Annotations:
D:5 Prince Ribbit


Innate Abilities, Weirdness & Mutations

You are under a permanent stasis effect.
You can dig through walls and to a lower floor.
Your four strong arms can wield two-handed weapons with a shield.
You have a pair of large antennae on your head. (SInv)


Message History

You feel very mighty all of a sudden. Prince Ribbit closely misses you.
You miss Prince Ribbit.
Prince Ribbit is moderately wounded.
Prince Ribbit hits you!
You bludgeon Prince Ribbit!!
Prince Ribbit is almost dead.
Prince Ribbit misses you. Prince Ribbit closely misses you.
You miss Prince Ribbit.
Prince Ribbit is almost dead.
Prince Ribbit hits you!
* * * LOW HITPOINT WARNING * * *
You miss Prince Ribbit.
Prince Ribbit is almost dead.
Prince Ribbit casts a spell.
Prince Ribbit looks slightly unstable.
You block Prince Ribbit's attack.
You closely miss Prince Ribbit.
Prince Ribbit is almost dead.
Prince Ribbit hits you!!
You die...

#### ... ##.# ## ###..#...#
###### ## #.F......# .....##
###.###@####...#### .. ...
.........#⌠.##+##.⌠#
.###.####..#...............#
..............#####.......#
.#.....#......#.. #.......# #
.#.###........+..[+..._...+ ..#
...# #........#...........#...#
#### #..(.....#####........####
######......(.[(.#.............


You could see Prince Ribbit.

Vanquished Creatures
  The ghost of p0werm0de the Ruffian, an amateur DrTm (D:3)
  2 ogres (D:4)
  2 giant frogs (Sewer)
  3 scorpions (D:4)
  A crimson imp (D:4)
  A jelly (D:5)
  An orc priest (D:3)
  2 orc wizards
  A giant frog skeleton (D:4)
  Terence (D:3)
  Ijyb (D:3)
  2 worker ants (D:4)
  A worker ant zombie (D:5)
  2 gnolls (D:5)
  12 adders
  10 oozes (Sewer)
  A worm (D:2)
  2 dart slugs
  22 giant geckos
  17 orcs
  12 giant cockroaches
  4 goblins
  4 hobgoblins (D:1)
  5 jackals (D:2)
  3 quokkas
  11 ball pythons (Sewer)
  12 bats
  A giant gecko skeleton (D:4)
  13 giant newts
  5 kobolds
  A quokka skeleton (D:4)
  9 rats
165 creatures vanquished.

Notes
Turn   | Place    | Note
-------+----------+-------------------------------------------
     0 | D:1      | st0uf the Formicid Fighter began the quest for the Orb.
     0 | D:1      | Reached XP level 1. HP: 18/18 MP: 1/1
    73 | D:1      | Reached XP level 2. HP: 24/24 MP: 2/2
   488 | D:1      | Reached XP level 3. HP: 26/29 MP: 3/3
   925 | D:2      | Reached skill level 4 in Shields
  1094 | D:2      | Reached XP level 4. HP: 37/37 MP: 4/4
  1391 | D:3      | Noticed Terence
  1407 | D:3      | Killed Terence
  1407 | D:3      | Reached XP level 5. HP: 38/42 MP: 5/5
  1575 | D:3      | Found a glowing drain.
  1678 | Sewer    | Entered a sewer
  1694 | Sewer    | Reached XP level 6. HP: 36/48 MP: 6/6
  2251 | Sewer    | Reached skill level 5 in Shields
  2320 | Sewer    | Reached XP level 7. HP: 45/55 MP: 7/7
  2416 | Sewer    | Reached skill level 5 in Fighting
  2509 | D:3      | Noticed p0werm0de's ghost (amateur DrTm)
  2847 | D:3      | Killed p0werm0de's ghost
  2847 | D:3      | Reached skill level 5 in Staves
  2847 | D:3      | Reached skill level 5 in Armour
  3216 | D:3      | Noticed Ijyb
  3226 | D:3      | Killed Ijyb
  3347 | D:3      | Learned a level 1 spell: Pain
  3460 | D:4      | Reached XP level 8. HP: 41/62 MP: 7/9
  3604 | D:4      | Reached skill level 1 in Spellcasting
  3777 | D:4      | Found Jit Emaysikh's Weapon Shop.
  3785 | D:4      | Found a staircase to the Ecumenical Temple.
  3795 | Temple   | Entered the Ecumenical Temple
  3859 | Temple   | Became a worshipper of Makhleb the Destroyer
  3881 | D:4      | Reached skill level 1 in Necromancy
  3946 | D:4      | Reached skill level 6 in Shields
  4554 | D:4      | Found a glowing silver altar of Zin.
  4774 | D:4      | Found a stormy altar of Qazlal.
  4830 | D:4      | Found a shadowy altar of Dithmenos.
  4894 | D:5      | Entered Level 5 of the Dungeon
  4971 | D:5      | Learned a level 3 spell: Regeneration
  5019 | D:5      | Found a shattered altar of Ashenzari.
  5048 | D:5      | Noticed Prince Ribbit
  5068 | D:5      | Mangled by Prince Ribbit

Vault maps used:
D:1:      kennysheep_arrival_forest
D:3:      portal_sewer_entry_f, uniq_iyjb, uniq_terence
D:4:      kennysheep_little_box, zin_scriptorium, marbit_many_paths,
          serial_shops, shop, first_bread, hangedman_abyss_or_decor_passed
D:5:      evilmike_ruin_ashenzari, uniq_sigmund, uniq_prince_ribbit1
Temple:   eino_temple_water
Sewer:    sewer_frog_island_02

Skill      XL: |  1  2  3  4  5  6  7  8 |
---------------+-------------------------+-----
Shields        | 4 5 6 |  6.1
Armour         | 4 5 |  5.6
Fighting       | 4 5 |  5.9
Staves         | 3 4 5 |  5.8
Spellcasting   | 2 |  2.2
Necromancy     | 1 |  1.5

Action                   |  1- 3 |  4- 6 |  7- 9 || total
-------------------------+-------+-------+-------++-------
Melee: Quarterstaff      |    96 |   274 |   242 ||   612
 Cast: Pain              |       |       |     2 ||     2
 Abil: Dig               |       |       |     1 ||     1
  Use: Potion            |       |       |     1 ||     1
  Eat: Chunk             |     1 |     4 |    10 ||    15
Armor: Scale mail        |    35 |   108 |    36 ||   179
       Robe              |       |       |     3 ||     3
Dodge: Dodged            |    16 |    88 |    59 ||   163
Block: Shield            |    56 |   162 |   104 ||   322
